 Dungeon Crawl Stone Soup version 0.31-a0-841-g038b102fc3 (webtiles) character file.

Game seed: 15888213381435667935

526 mcwallace the Caller (level 7, -7/36 HPs)
             Began as a Deep Elf Summoner on Sept 28, 2023.
             Was a Follower of Vehumet.
             Shot with an arrow by a centaur (13 damage)
             ... on level 5 of the Dungeon.
             The game lasted 00:13:00 (4978 turns).

mcwallace the Caller (Deep Elf Summoner)            Turns: 4978, Time: 00:13:01

Health: -7/36      AC:  3    Str:  5    XL:     7   Next: 2%
Magic:  9/18       EV: 14    Int: 22    God:    Vehumet [*.....]
Gold:   220        SH:  0    Dex: 15    Spells: 11/18 levels left

rFire   . . .        t - +2 hand axe (elec) {axe}
rCold   . . .        (no shield)
rNeg    . . .        a - +0 robe
rPois   .            (no helmet)
rElec   .            (no cloak)
rCorr   .            (no gloves)
SInv    .            r - +0 pair of boots
Will    .....        (no amulet)
Stlth   ++           (no ring)
HPRegen 0.26/turn    (no ring)
MPRegen 0.16/turn

%: no passive effects
@: no status effects
A: no striking features
a: Renounce Religion


You were on level 5 of the Dungeon.
You worshipped Vehumet.
Vehumet was aware of your devotion.
You visited 1 branch of the dungeon, and saw 5 of its levels.

You collected 242 gold pieces.
You spent 22 gold pieces at shops.


   Skills:
 + Level 5.6 Dodging
 - Level 2.4 Stealth
 + Level 6.2 Spellcasting
 + Level 6.4 Summonings


You had 11 spell levels left.
You knew the following spells:

 Your Spells              Type           Power      Damage    Failure   Level
a - Summon Small Mammal   Summ           100%       N/A       1%          1
b - Call Canine Familiar  Summ           35%        N/A       1%          3
c - Summon Guardian Gole  Hex/Summ       21%        N/A       7%          3

Your spell library contained the following spells:

 Spells                   Type           Power      Damage    Failure   Level
 Sandblast                Erth           12%        2d6       9%          1
 Call Imp                 Summ           70%        N/A       1%          2
 Apportation              Tloc           12%        N/A       9%          1
 Necrotise                Necr           24%        1d5       9%          1
 Ensorcelled Hibernation  Hex/Ice        12%        N/A       14%         2
 Passwall                 Tmut/Erth      5%         N/A       14%         2
 Summon Lightning Spire   Summ/Air       21%        N/A       24%         4
 Swiftness                Air            6%         N/A       26%         3

Inventory:

Hand Weapons
 d - a +0 spear {polearm}
   (You found it on level 1 of the Dungeon)
 t - a +2 hand axe of electrocution (weapon) {axe}
   (You found it on level 2 of the Dungeon)
 D - a +0 halberd {polearm}
   (You took it off a gnoll on level 3 of the Dungeon)
 E - a +0 halberd {polearm}
   (You took it off a gnoll on level 3 of the Dungeon)
Missiles
 c - 52 stones {throwing}
 m - 3 datura-tipped darts {throwing}
 o - 15 poisoned darts {throwing}
 s - 5 boomerangs {throwing}
 u - 3 javelins {throwing}
Armour
 a - a +0 robe (worn)
 k - a +0 plate armour
   (You found it on level 1 of the Dungeon)
 l - a +0 leather armour
   (You found it on level 1 of the Dungeon)
 n - a +0 ring mail
   (You found it on level 1 of the Dungeon)
 r - a +0 pair of boots (worn)
   (You found it on level 2 of the Dungeon)
 v - a +0 scale mail
   (You found it on level 2 of the Dungeon)
 x - a +0 leather armour
   (You found it on level 2 of the Dungeon)
 A - a +0 leather armour
   (You found it on level 3 of the Dungeon)
 B - a +0 leather armour
   (You took it off an orc on level 3 of the Dungeon)
 G - a +0 leather armour
   (You found it on level 3 of the Dungeon)
 I - a +0 scale mail
   (You found it on level 3 of the Dungeon)
 L - a +0 robe
   (You took it off Sigmund on level 4 of the Dungeon)
 O - a +0 robe
   (You found it on level 4 of the Dungeon)
Scrolls
 e - 2 scrolls of revelation {unknown}
 f - 3 scrolls of teleportation {@r4}
 i - 2 scrolls of summoning
 q - 2 scrolls of fear {unknown}
 w - a scroll of enchant weapon {unknown}
 y - a scroll of enchant armour {unknown}
 C - a scroll of vulnerability {unknown}
 J - a scroll of noise {unknown}
 N - a scroll of immolation {!r!r}
Potions
 b - a potion of magic
 g - a potion of lignification {!q}
 h - a potion of might {unknown}
 j - a potion of degeneration {!q@e2}
 p - 2 potions of heal wounds {@q2}
 z - a potion of curing {unknown}
 F - a potion of resistance {unknown}
 H - a potion of cancellation {unknown}
 K - a potion of berserk rage {unknown}
 M - a potion of haste {unknown}
 P - a potion of brilliance {unknown}

Dungeon Overview and Level Annotations

Branches:
Dungeon (5/15) Zot: 24999  Temple (0/1) D:4

Altars:
Elyvilon
Vehumet
Zin
The Shining One

Shops:
D:2 * D:4

* #.... ....# #....
.....# ?#.... .....
...... .... ......#
###.##
.#..$..####....#
.....c.#.#....# .
....oo9...@...###....
....)oh####..<.......
....)## #....#.#...
...) #......# # ...
..........# ..
...........# .
.............
.............
...........#..


You could see a centaur, an orc priest, 2 orcs, a friendly guardian golem
(summoned, inner flame) and a friendly hound (summoned, sheltered).


Message History

The centaur shoots an arrow.
The arrow hits your guardian golem!
Your hound closely misses something.
The orc priest mumbles some strange prayers to Beogh against you.
Beogh smites you! 😮 HP[-12]
You take 12 damage, and now have 24/36 hp.
MASSIVE DAMAGE!! (PAUSE)
The centaur shoots an arrow.
The arrow hits your guardian golem!
Your hound misses something.
The centaur shoots an arrow.
The arrow hits your guardian golem!
Your hound bites something.
Vehumet accepts your kill.
Reactivating autopickup.
You feel a bit more experienced.
The centaur shoots an arrow.
The arrow hits your guardian golem.
Your guardian golem is destroyed!
Your guardian golem disappears in a puff of smoke!
Your hound bites the orc.
The orc hits your hound with a +0 trident! 😮 HP[+1]
Casting: Summon Guardian Golem (dangerous; 7% risk of failure)
Confirm with . or Enter, or press ? or * to list all spells.
A guardian golem appears, shielding your allies.
Your hound bites the orc.
The orc hits your hound with a +0 trident.
The orc priest looks braver for a moment. 😮 MP[-2]
You lost 2 mp, and now have 11/18 mp.
What are your orders? t - Shout!
Orders for allies: a - Attack new target. r - Retreat! s - Stop attacking. g - Guard the area. f - Follow me.
Anything else - Cancel.
Gang up on whom?
Press: ? - help, Dir - move target, f - orc
Aim: an orc, wielding a +0 trident (almost dead, not watching you, ally target) Attack!
The centaur shoots an arrow.
The arrow closely misses you.
Your hound bites the orc.
The orc dies!
Vehumet accepts your kill.
The centaur shoots an arrow.
The arrow misses you.
Your hound bites the centaur.
An orc comes into view. It is wielding a +0 trident.
The orc priest hits your hound with a +0 hand axe.
The centaur shoots an arrow.
The arrow barely misses your guardian golem.
The arrow hits you but does no damage.
Your hound closely misses the centaur.
The orc misses your hound.
Your hound barely misses the centaur.
The centaur unwields a +0 shortbow.
The centaur hits your hound but does no damage.
The centaur kicks your hound. The orc misses your hound.
Your hound barely misses the centaur.
The orc priest hits your guardian golem with a +0 hand axe.
The orc priest hits your hound with a +0 hand axe.
Your hound dies!
Your hound's corpse disappears in a puff of smoke! 😮 HP[+1]
The orc priest hits your guardian golem with a +0 hand axe!
Casting: Summon Guardian Golem (dangerous; 7% risk of failure)
Confirm with . or Enter, or press ? or * to list all spells.
The centaur wields a +0 shortbow.
The centaur shoots an arrow.
The arrow hits you.
The orc hits your guardian golem but does no damage.
The orc priest hits your guardian golem but does no damage.
The orc priest closely misses your hound. 😮 HP[-6] MP[-3]
You take 6 damage, and now have 20/36 hp.
You lost 3 mp, and now have 8/18 mp.
What are your orders? t - Shout!
Orders for allies: a - Attack new target. r - Retreat! s - Stop attacking. g - Guard the area. f - Follow me.
Anything else - Cancel.
Gang up on whom?
Press: ? - help, Dir - move target, f - orc
Aim: an orc, wielding a +0 trident and wearing a +0 ring mail (ally target) Attack!
The centaur shoots an arrow.
The arrow closely misses you.
Your hound bites the orc but does no damage.
The centaur shoots an arrow.
The arrow hits you!
* * * LOW HITPOINT WARNING * * *
The orc hits your guardian golem with a +0 trident.
The orc priest hits your guardian golem with a +0 hand axe.
The orc priest hits your hound with a +0 hand axe. 😱 HP[-12] MP[+1]
You take 12 damage, and now have 8/36 hp.
MASSIVE DAMAGE!! (PAUSE)
Your hound bites the orc but does no damage.
The centaur shoots an arrow.
The arrow hits you.
* * * LOW HITPOINT WARNING * * *
The orc hits your guardian golem with a +0 trident.
Your guardian golem overheats!
Your hound bites the orc but does no damage.
The orc priest hits your guardian golem with a +0 hand axe.
Flame seeps out of your guardian golem.
The orc priest misses your hound. 😱 HP[-2]
You take 2 damage, and now have 6/36 hp.
The centaur shoots an arrow.
The arrow hits you!
You die...

Skill      XL: |  1  2  3  4  5 |
---------------+----------------+-----
Dodging        | 3 4 5 |  5.6
Spellcasting   | 4 6 |  6.2
Summonings     | 5 6 |  6.4
Stealth        | |  2.4

Action                     |  1- 3 |  4- 6 |  7- 9 || total
---------------------------+-------+-------+-------++-------
  Melee: Spear             |    26 |    53 |       ||    79
         Punch             |     1 |     3 |       ||     4
         Hand axe          |       |    50 |       ||    50
   Cast: Summon Small Mamm |    36 |    24 |       ||    60
         Call Canine Famil |     4 |    20 |     2 ||    26
         Summon Guardian G |       |       |     2 ||     2
    Use: Scroll            |       |     6 |       ||     6
   Stab: Sleeping          |     3 |     4 |       ||     7
         Distracted        |       |     1 |       ||     1
 Armour: Robe              |    15 |    45 |     5 ||    65
  Dodge: Dodged            |    21 |   112 |     3 ||   136

Levels and vault maps discovered:
D:1:      scummos_arrival_gate, layout_loops_ring, minmay_tall_x
D:2:      layout_basic, serial_shops, shop, basic_altar
D:3:      layout_basic, good_gods_temple_1, roderic_batcave,
          minmay_misc_feat_room, hex_large
D:4:      layout_basic, minmay_temple_entry_slanted, serial_shops,
          nicolae_shop_tiny_waterfront, uniq_sigmund
D:5:      layout_cave_pools, nicolae_qazlal_scattered_showers, serial_shops,
          shop, chequers_serial_rivers_micro_d

Notes
Turn   | Place    | Note
-------+----------+-------------------------------------------
     0 | D:1      | mcwallace the Deep Elf Summoner began the quest for the
                  | Orb.
     0 | D:1      | Reached XP level 1. HP: 10/10 MP: 6/6
     0 | D:1      | magus.rc [v1.9.6]
   237 | D:1      | Reached XP level 2. HP: 15/15 MP: 5/8
   431 | D:1      | You pick up a book of Burglary and begin reading...
   431 | D:1      | You add the spells Passwall, Ensorcelled Hibernation and
                  | Swiftness to your library.
   503 | D:1      | Reached skill level 3 in Dodging
  1045 | D:2      | Found Hajeq's Assorted Antiques.
  1186 | D:2      | Reached XP level 3. HP: 19/19 MP: 8/10
  1200 | D:2      | Learned a level 3 spell: Call Canine Familiar
  1213 | D:2      | Reached skill level 4 in Spellcasting
  1225 | D:2      | Reached skill level 5 in Summonings
  1424 | D:2      | Reached XP level 4. HP: 24/24 MP: 6/12
  1685 | D:2      | Found a radiant altar of Vehumet.
  2191 | D:2      | Became a worshipper of Vehumet
  2387 | D:3      | Noticed a scorpion
  2402 | D:3      | Killed a scorpion
  2403 | D:3      | Reached skill level 4 in Dodging
  2403 | D:3      | Reached XP level 5. HP: 28/28 MP: 3/14
  2553 | D:3      | Reached skill level 5 in Spellcasting
  2764 | D:3      | You pick up a book of Cantrips and begin reading...
  2764 | D:3      | You add the spells Necrotise and Apportation to your
                  | library.
  3225 | D:3      | Found a white marble altar of Elyvilon.
  3225 | D:3      | Found a glowing golden altar of the Shining One.
  3226 | D:3      | Found a glowing silver altar of Zin.
  4058 | D:4      | Found a staircase to the Ecumenical Temple.
  4128 | D:4      | Noticed Sigmund
  4165 | D:4      | Killed Sigmund
  4166 | D:4      | Reached skill level 5 in Dodging
  4166 | D:4      | Reached skill level 6 in Spellcasting
  4166 | D:4      | Reached skill level 6 in Summonings
  4166 | D:4      | Reached XP level 6. HP: 32/32 MP: 1/17
  4167 | D:4      | Reached * piety under Vehumet
  4167 | D:4      | Offered knowledge of Sandblast by Vehumet.
  4343 | D:4      | Found Bonet's General Store.
  4733 | D:4      | Bought a scroll of identify for 22 gold pieces
  4894 | D:4      | Reached XP level 7. HP: 36/36 MP: 18/18
  4930 | D:4      | Learned a level 3 spell: Summon Guardian Golem
  4952 | D:5      | Entered Level 5 of the Dungeon
  4976 | D:5      | HP: 8/36 [centaur/arrow (12)]
  4978 | D:5      | Shot with an arrow by a centaur

Vanquished Creatures
  A hound (D:4)
  An iguana (D:4)
  An adder (D:4)
  A dart slug (D:1)
  2 orcs
  2 ball pythons
  10 bats (D:3)
  2 endoplasms
  5 hobgoblins
  A jackal (D:2)
  A frilled lizard (D:3)
  3 goblins
  4 kobolds
  2 rats (D:2)
36 creatures vanquished.

Vanquished Creatures (collateral kills)
  Sigmund (D:4)
  A scorpion (D:3)
  An iguana (D:4)
  An orc wizard (D:5)
  11 gnolls
  An adder (D:2)
  3 dart slugs
  2 orcs (D:5)
  3 ball pythons
  A bat (D:3)
  2 endoplasms (D:1)
  A goblin (D:1)
  A hobgoblin (D:2)
  5 jackals
  2 quokkas (D:1)
  3 frilled lizards (D:1)
  5 kobolds
  A rat (D:1)
45 creatures vanquished.

Grand Total: 81 creatures vanquished

Table legend:
 A = Non-vault XP
 B = Vault XP
 C = Vault XP percentage of total XP
 D = Non-vault monster count
 E = Vault monster count
 F = Vault count percentage of total count
                 A         B        C        D         E       F
            +---------+---------+-------+---------+---------+-------
      Total |     495 |     257 |  34.2 |      68 |      13 |  16.0
            +---------+---------+-------+---------+---------+-------
        D:1 |      26 |       8 |  23.5 |      14 |       4 |  22.2
        D:2 |     120 |       0 |   0.0 |      19 |       0 |   0.0
        D:3 |     178 |      10 |   5.3 |      17 |       8 |  32.0
        D:4 |     152 |     239 |  61.1 |      15 |       1 |   6.2
        D:5 |      19 |       0 |   0.0 |       3 |       0 |   0.0
            +---------+---------+-------+---------+---------+-------

Skill      XL: |  1  2  3  4  5 |
---------------+----------------+-----
Dodging        | 3 4 5 |  5.6
Spellcasting   | 4 6 |  6.2
Summonings     | 5 6 |  6.4
Stealth        | |  2.4

Action                     |  1- 3 |  4- 6 |  7- 9 || total
---------------------------+-------+-------+-------++-------
  Melee: Spear             |    26 |    53 |       ||    79
         Punch             |     1 |     3 |       ||     4
         Hand axe          |       |    50 |       ||    50
   Cast: Summon Small Mamm |    36 |    24 |       ||    60
         Call Canine Famil |     4 |    20 |     2 ||    26
         Summon Guardian G |       |       |     2 ||     2
    Use: Scroll            |       |     6 |       ||     6
   Stab: Sleeping          |     3 |     4 |       ||     7
         Distracted        |       |     1 |       ||     1
 Armour: Robe              |    15 |    45 |     5 ||    65
  Dodge: Dodged            |    21 |   112 |     3 ||   136

Illustrated notes

Table legend:
 A = Kills in this place as a percentage of kills in the entire game.
 B = Kills by you in this place as a percentage of kills by you in the entire game.
 C = Kills by friends in this place as a percentage of kills by friends in the entire game.
 D = Other kills in this place as a percentage of other kills in the entire game.
 E = Experience gained in this place as a percentage of experience gained in the entire game.
 F = Experience gained in this place divided by the number of levels of this place that you have seen.
                   A       B       C       D       E      F
               +-------+-------+-------+-------+-------+----------------------
         Total | 100.0 | 100.0 | 100.0 |   N/A | 100.0 | 150.4
       Dungeon | 100.0 | 100.0 | 100.0 |   N/A | 100.0 | 150.4
               +-------+-------+-------+-------+-------+----------------------

Table legend: (Time is in decaauts)
 A = Elapsed time spent in this place.
 B = Non-inter-level travel time spent in this place.
 C = Inter-level travel time spent in this place.
 D = Time resting spent in this place.
 E = Time spent auto-exploring this place.
 F = Levels seen in this place.
 G = Mean time per level.
                   A        B        C        D        E       F      G
               +--------+--------+--------+--------+--------+-----+--------+
         Total |   4999 |   4602 |    397 |     95 |   3677 |   5 |  999.8 |
       Dungeon |   4999 |   4602 |    397 |     95 |   3677 |   5 |  999.8 |
               +--------+--------+--------+--------+--------+-----+--------+

Top non-repeatable levels by time:
     D:3: 1808 daAuts
     D:2: 1261 daAuts
     D:1: 1035 daAuts
     D:4: 868 daAuts
     D:5: 25 daAuts
